 Dungeon Crawl Stone Soup version 0.28.0-45-g0d030f2227 (webtiles) character file.

Game seed: 17014353139172825740

890 zeratav the Insei (level 8, -3/54 HPs)
             Began as an Octopode Transmuter on Apr 9, 2022.
             Slain by a gnoll
             ... wielding a +0 club
              (9 damage)
             ... on level 5 of the Dungeon.
             The game lasted 00:15:11 (5329 turns).

zeratav the Insei (Octopode Transmuter)             Turns: 5329, Time: 00:15:12

Health: -3/54      AC: -3    Str: 15    XL:     8   Next: 6%
Magic:  9/11       EV: 15    Int: 15    God:
Gold:   166        SH:  0    Dex: 15    Spells: 7/11 levels left

rFire   . . .      SeeInvis .   q - +0 whip (flame) {mace}
rCold   . . .      Faith    .   (no shield)
rNeg    . . .      Spirit   .   (helmet restricted)
rPois   .          Reflect  .   (no amulet)
rElec   .          Harm     .   f - +6 ring of strength
rCorr   .          Rampage  .   (no ring)
Will    .....                   (no ring)
Stlth   ++++......              (no ring)
HPRegen 0.18/turn               (no ring)
MPRegen 0.12/turn               (no ring)
                                (no ring)
                                (no ring)

@: corroded
A: almost no armour, amphibious, 8 rings, camouflage 1, gelatinous body 1,
(nimble swimmer 1), tentacles
a: no special abilities


You were on level 5 of the Dungeon.
You visited 1 branch of the dungeon, and saw 5 of its levels.

You collected 166 gold pieces.


Innate Abilities, Weirdness & Mutations

You cannot wear most types of armour.
You are amphibious.
You can wear up to eight rings at the same time.
Your skin changes colour to match your surroundings (Stealth+).
Your rubbery body absorbs attacks. (AC +1, EV +1)
((You are camouflaged when in or above water. (Stealth+)))
You have tentacles for arms and can constrict up to eight enemies at once.


   Skills:
 + Level 3.8 Fighting
 + Level 4.4 Dodging
 - Level 5.0 Stealth
 * Level 6.3 Unarmed Combat
 - Level 2.0 Spellcasting
 + Level 2.2 Transmutations
 + Level 0.6 Ice Magic


You had 7 spell levels left.
You knew the following spells:

 Your Spells              Type           Power      Damage    Failure   Level
a - Beastly Appendage     Tmut           16%        N/A       9%          1
b - Spider Form           Tmut/Pois      4%         N/A       38%         3

Your spell library contained the following spells:

 Spells                   Type           Power      Damage    Failure   Level
 Wereblood                Tmut           8%         N/A       14%         2
 Sandblast                Erth           2%         2d4       22%         1
 Passwall                 Tmut/Erth      3%         N/A       22%         2
 Stone Arrow              Conj/Erth      2%         3d7       54%         3
 Ice Form                 Ice/Tmut       5%         N/A       77%         4

Inventory:

Hand Weapons
 q - a +0 whip of flaming (weapon) {mace}
   (You took it off Pikel on level 3 of the Dungeon)
Armour
 s - a +0 kite shield
   (You took it off a gnoll sergeant on level 4 of the Dungeon)
Jewellery
 f - a +6 ring of strength (left tentacle)
   (You found it on level 1 of the Dungeon)
Scrolls
 b - 2 scrolls of amnesia
 g - a scroll of vulnerability {!r!r}
 h - 2 scrolls of magic mapping {!r}
 j - a scroll of teleportation {unknown}
 n - a scroll of enchant weapon {unknown}
 o - a scroll of summoning {unknown}
 p - a scroll of enchant armour {unknown}
 r - a scroll of blinking {unknown}
Potions
 a - a potion of haste {unknown}
 c - a potion of might {unknown}
 d - 2 potions of cancellation {unknown}
 e - a potion of mutation {unknown}
 k - a potion of degeneration {unknown}
 l - a potion of berserk rage {unknown}
 m - a potion of brilliance {unknown}

Dungeon Overview and Level Annotations

Branches:
Dungeon (5/15)
 Temple: D:4-7

Altars:
Dithmenos
Qazlal

Shops:
D:3 * D:4

==[ #.....l.......#.#.#
..##
#.....#######.#.#'###...#
##...g.# #.#.........#
#....$## #.#.......#..
#...#.##### #.#.......#
#.#.......# #.....#.#.#
.......###l# #§§§..#...#
###.#...# #.#
#Dg§..###.... ...##.##
#l# #@§§........... .##
#. #.#####g§.##........
#. #.....)§§...........
#. ######.########+##.#
#.# .# ... #.... #.....
+......


You could see an acid dragon (very poisoned, catching breath) and 2 gnolls.


Message History

Your transformation is almost over.
There is a stone staircase leading down here.
You hit the gnoll sergeant.
The gnoll sergeant is poisoned.
The gnoll sergeant closely misses you.
You hit the gnoll sergeant but do no damage.
The gnoll sergeant looks as sick as possible!
The gnoll sergeant closely misses you.
MP[+1]
You hit the gnoll sergeant but do no damage.
The gnoll sergeant completely misses you.
You hit the gnoll sergeant but do no damage.
The gnoll sergeant blocks your attack. The gnoll sergeant closely misses you.
The gnoll sergeant blocks your attack. The gnoll sergeant misses you.
You bite the gnoll sergeant!
The gnoll sergeant hits you with a +0 spear!
HP[-12]
You take 12 damage, and now have 35/47 hp.
MASSIVE DAMAGE!! (PAUSE)
You bite the gnoll sergeant!
You kill the gnoll sergeant!
You have reached level 8!
HP[+6]
You now have 54 max hp (+7).
You regained 6 hp, and now have 41/54 hp.
Items here: ) [[ †.
s - a +0 kite shield Your transformation has ended.
Your +0 whip of flaming {mace} unmelds from your body.
Your +0 whip of flaming {mace} bursts into flame!
You start resting.
HP[+3] MP[+3]
You regained 3 hp, and now have 44/54 hp.
Your mp is fully restored (11).
You start resting.
HP[+10]
Your hp is fully restored (54).
There is a stone staircase leading down here.
There is a stone staircase leading up here.
There is an escape hatch in the ceiling here.
There is a stone staircase leading down here.
Things that are here:
a +0 spear {polearm}; a +0 ring mail; a gnoll corpse
There is a stone staircase leading down here.
Casting: Spider Form (quite dangerous; 41% risk of failure)
Confirm with . or Enter, or press ? or * to list all spells.
The spell is quite dangerous to miscast (41% risk of failure)!
Continue anyway?
You turn into a venomous arachnid creature.
Your +0 whip of flaming {mace} melds into your body.
Your +0 whip of flaming {mace} stops flaming.
Your transformation is almost over.
MP[-3]
You lost 3 mp, and now have 8/11 mp.
You climb downwards.
The gnoll closely misses you. The acid dragon spits acid at you.
The splash of acid misses you.
There is a stone staircase leading up here.
You bite the iguana!
The iguana is poisoned.
The gnoll hits you with a +0 club! The acid dragon completely misses you.
The acid dragon claws you but does no damage.
The iguana completely misses you.
HP[-7]
You take 7 damage, and now have 47/54 hp.
You bite the iguana!
You kill the iguana!
The gnoll closely misses you. The acid dragon barely misses you.
The acid dragon claws you.
HP[-1]
You take 1 damage, and now have 46/54 hp.
You barely miss the acid dragon. The gnoll completely misses you.
The acid dragon bites you! The acid dragon claws you.
HP[-10]
You take 10 damage, and now have 36/54 hp.
You hit the acid dragon but do no damage.
The gnoll barely misses you. The acid dragon misses you.
The acid dragon claws you.
HP[-2]
You take 2 damage, and now have 34/54 hp.
You barely miss the acid dragon. The gnoll hits you with a +0 club!
* * * LOW HITPOINT WARNING * * *
HP[-8] MP[+1]
You take 8 damage, and now have 26/54 hp.
You hit the acid dragon.
The acid dragon is poisoned.
The acid dragon spits acid at you. The splash of acid hits you!!
* * * LOW HITPOINT WARNING * * *
The acid corrodes you!
HP[-20]
You take 20 damage, and now have 6/54 hp.
MASSIVE DAMAGE!! (PAUSE)
You hit the acid dragon.
Your transformation has ended.
Your +0 whip of flaming {mace} unmelds from your body.
Your +0 whip of flaming {mace} bursts into flame!
The gnoll misses you. The acid dragon barely misses you.
The acid dragon misses you.
As you read the scroll of fog, it crumbles to dust.
The scroll dissolves into smoke.
The gnoll barely misses you. The acid dragon barely misses you. x2
The gnoll hits you with a +0 club!
You die...

Skill      XL: |  1  2  3  4  5  6  7 |
---------------+----------------------+-----
Stealth        | 1 2 4 5 |  5.0
Unarmed Combat | 4 5 6 |  6.3
Fighting       | 2 3 |  3.8
Dodging        | 3 4 |  4.4
Spellcasting   | |  2.0
Transmutations | |  2.2
Ice Magic      | |  0.6

Action                   |  1- 3 |  4- 6 |  7- 9 || total
-------------------------+-------+-------+-------++-------
Melee: Unarmed           |    67 |    79 |    21 ||   167
       Tentacles         |     8 |    11 |     7 ||    26
       Constrict         |    15 |    23 |    11 ||    49
       Kick              |    19 |    14 |     6 ||    39
       Punch             |     1 |     5 |     1 ||     7
       Quarterstaff      |       |     9 |       ||     9
       Whip              |       |       |    24 ||    24
 Cast: Beastly Appendage |    16 |    18 |     8 ||    42
       Spider Form       |     1 |     5 |     4 ||    10
  Use: Scroll            |       |       |     5 ||     5
 Stab: Sleeping          |     3 |    12 |     1 ||    16
       Distracted        |       |       |     1 ||     1
Armor: Skin              |     3 |     5 |     2 ||    10
Dodge: Dodged            |    36 |    55 |    45 ||   136

Levels and vault maps discovered:
D:1:      lemuel_arrival_muddy, layout_rooms, minmay_3d_cube
D:2:      layout_basic
D:3:      layout_basic, nicolae_dithmenos_shadow_blocks, serial_shops,
          nicolae_shop_behind_doors, basic_ecumenical_altar
D:4:      layout_cave_pools, nicolae_qazlal_scattered_showers,
          nicolae_shop_unique_rings, nicolae_stop_n_shop_2,
          nicolae_take_the_stairs, minivault_19, uniq_pikel
D:5:      layout_basic

Notes
Turn   | Place    | Note
-------+----------+-------------------------------------------
     0 | D:1      | zeratav the Octopode Transmuter began the quest for the
                  | Orb.
     0 | D:1      | Reached XP level 1. HP: 13/13 MP: 3/3
     0 | D:1      | magus.rc [v1.9.6]
   291 | D:1      | Reached XP level 2. HP: 18/18 MP: 3/5
   295 | D:1      | Reached skill level 1 in Stealth
   299 | D:1      | HP: 4/18 [frozen (4)]
   727 | D:1      | Reached XP level 3. HP: 16/23 MP: 6/6
  1257 | D:2      | Learned a level 3 spell: Spider Form
  1318 | D:1      | Reached skill level 2 in Stealth
  1460 | D:2      | Reached XP level 4. HP: 27/29 MP: 3/7
  1886 | D:2      | Reached skill level 4 in Unarmed Combat
  2057 | D:2      | Reached skill level 2 in Fighting
  2500 | D:3      | Found a shadowy altar of Dithmenos.
  2616 | D:3      | Reached skill level 3 in Dodging
  2616 | D:3      | Reached XP level 5. HP: 23/34 MP: 6/8
  2818 | D:3      | Found a faded altar of an unknown god.
  2971 | D:3      | Identified the +0 robe of Good Intentions {rPois rC+ rCorr
                  | Str+2}
  3035 | D:3      | Reached skill level 3 in Stealth
  3044 | D:3      | Found Ociliapo's Assorted Antiques.
  3271 | D:4      | Found Sirefuru's Armour Emporium.
  3379 | D:4      | Noticed a lemure
  3401 | D:4      | Found Dywoirgh's Jewellery Shoppe.
  3437 | D:4      | You pick up a book of Geomancy and begin reading...
  3437 | D:4      | You add the spells Sandblast, Passwall and Stone Arrow to
                  | your library.
  3814 | D:4      | Noticed a lemure
  3815 | D:4      | Noticed a lemure
  3827 | D:4      | Killed a lemure
  3830 | D:4      | Noticed a lemure
  3831 | D:4      | Noticed Pikel
  3844 | D:4      | Killed a lemure
  3858 | D:3      | HP: 6/35 [Pikel/+0 whip of flaming (8)]
  3932 | D:3      | HP: 6/35 [Pikel/+0 whip of flaming (7)]
  4043 | D:3      | HP: 6/35 [Pikel/+0 whip of flaming (4)]
  4046 | D:3      | Killed Pikel
  4047 | D:3      | Reached skill level 3 in Fighting
  4047 | D:3      | Reached skill level 4 in Dodging
  4047 | D:3      | Reached skill level 4 in Stealth
  4047 | D:3      | Reached skill level 5 in Unarmed Combat
  4047 | D:3      | Reached XP level 6. HP: 6/42 MP: 6/9
  4047 | D:3      | Reached XP level 7. HP: 6/46 MP: 6/10
  4519 | D:4      | Reached skill level 5 in Stealth
  4519 | D:4      | Reached skill level 6 in Unarmed Combat
  4536 | D:4      | Found a stormy altar of Qazlal.
  4873 | D:4      | Found Cedoah's One-of-a-Kind Rings.
  4996 | D:5      | Entered Level 5 of the Dungeon
  5051 | D:5      | magus.rc [v1.9.6]
  5165 | D:4      | Reached XP level 8. HP: 41/54 MP: 8/11
  5326 | D:5      | HP: 6/54 [acid dragon/splash of acid (20)]
  5329 | D:5      | Slain by a gnoll

Vanquished Creatures
  Pikel (D:3)
  2 lemures (D:4)
  A gnoll sergeant (D:4)
  A howler monkey (D:3)
  3 iguanas
  A hound skeleton (D:4)
  5 gnolls
  A howler monkey skeleton (D:4)
  11 adders
  An adder skeleton (D:4)
  A worm (D:3)
  2 dart slugs
  An orc (D:3)
  5 ball pythons
  7 bats
  7 endoplasms
  6 giant cockroaches
  9 hobgoblins
  3 jackals (D:3)
  3 quokkas
  5 frilled lizards
  7 goblins
  3 kobolds
  A rat (D:1)
87 creatures vanquished.

Table legend:
 A = Non-vault XP
 B = Vault XP
 C = Vault XP percentage of total XP
 D = Non-vault monster count
 E = Vault monster count
 F = Vault count percentage of total count
                 A         B        C        D         E       F
            +---------+---------+-------+---------+---------+-------
      Total |     615 |     657 |  51.7 |      81 |       4 |   4.7
            +---------+---------+-------+---------+---------+-------
        D:1 |      60 |       6 |   9.1 |      27 |       3 |  10.0
        D:2 |      74 |       0 |   0.0 |      13 |       0 |   0.0
        D:3 |     112 |     651 |  85.3 |      19 |       1 |   5.0
        D:4 |     266 |       0 |   0.0 |      18 |       0 |   0.0
        D:5 |     103 |       0 |   0.0 |       4 |       0 |   0.0
            +---------+---------+-------+---------+---------+-------

Illustrated notes

Table legend:
 A = Kills in this place as a percentage of kills in entire the game.
 B = Kills by you in this place as a percentage of kills by you in the entire game.
 C = Kills by friends in this place as a percentage of kills by friends in the entire game.
 D = Other kills in this place as a percentage of other kills in the entire game.
 E = Experience gained in this place as a percentage of experience gained in the entire game.
 F = Experience gained in this place divided by the number of levels of this place that you have seen.
                   A       B       C       D       E      F
               +-------+-------+-------+-------+-------+----------------------
         Total | 100.0 | 100.0 |   N/A |   N/A | 100.0 | 254.4
       Dungeon | 100.0 | 100.0 |   N/A |   N/A | 100.0 | 254.4
               +-------+-------+-------+-------+-------+----------------------

Table legend: (Time is in decaauts)
 A = Elapsed time spent in this place.
 B = Non-inter-level travel time spent in this place.
 C = Inter-level travel time spent in this place.
 D = Time resting spent in this place.
 E = Time spent auto-exploring this place.
 F = Levels seen in this place.
 G = Mean time per level.
                   A        B        C        D        E       F      G
               +--------+--------+--------+--------+--------+-----+--------+
         Total |   5325 |   5021 |    304 |   1631 |   1606 |   5 | 1065.0 |
       Dungeon |   5325 |   5021 |    304 |   1631 |   1606 |   5 | 1065.0 |
               +--------+--------+--------+--------+--------+-----+--------+

Top non-repeatable levels by time:
     D:3: 1639 daAuts
     D:1: 1270 daAuts
     D:4: 1143 daAuts
     D:2: 1106 daAuts
     D:5: 165 daAuts
